 Dungeon Crawl Stone Soup version 0.21-a0-510-g5070ee8bc0 (webtiles) character file.

267 Kaname the Conjurer (level 6, 19/41 HPs)
             Began as a Demonspawn Wizard on Dec 1, 2017.
             Quit the game on level 3 of the Dungeon.
             The game lasted 00:10:05 (3376 turns).

Kaname the Conjurer (Demonspawn Wizard)             Turns: 3376, Time: 00:10:06

Health: 19/41      AC:  7    Str:  7    XL:     6   Next: 0%
Magic:  5/10       EV: 12    Int: 22    God:
Gold:   167        SH:  0    Dex: 11    Spells: 2/11 levels left

rFire    . . .     SeeInvis .   o - +0 trident
rCold    . . .     Gourm    .   (no shield)
rNeg     . . .     Faith    .   a - +0 robe
rPois    .         Spirit   .   m - +0 helmet
rElec    .         Reflect  .   g - +1 cloak
rCorr    .         Harm     .   (no gloves)
MR       .....                  (no boots)
Stlth    +.........             (no amulet)
HPRegen  0.13/turn              (no ring)
MPRegen  0.12/turn              (no ring)

@: no status effects
A: hooves 1, molten scales 1, rot immunity
a: no special abilities


You were on level 3 of the Dungeon.
You were not hungry.

You visited 1 branch of the dungeon, and saw 3 of its levels.

You collected 167 gold pieces.

Inventory:

Hand Weapons
 o - a +0 trident (weapon)
Missiles
 c - 8 exploding tomahawks (quivered)
Armour
 a - a +0 robe (worn)
 g - a +1 cloak (worn)
 m - a +0 helmet (worn)
Scrolls
 e - 3 scrolls of identify {unknown}
 i - a scroll of immolation {unknown}
 j - a scroll of teleportation {unknown}
 n - a scroll of amnesia {unknown}
 p - 2 scrolls of fear {unknown}
 q - 4 scrolls of enchant armour {unknown}
 r - a scroll of magic mapping {unknown}
Potions
 f - a potion of flight {unknown}
 k - a potion of lignification {unknown}
Comestibles
 d - 2 bread rations
 h - 2 royal jellies
 l - a meat ration


   Skills:
 - Level 1.7 Dodging
 - Level 1.7 Stealth
 - Level 3.0 Spellcasting
 + Level 5.4 Conjurations
   Level 1.0 Summonings
 - Level 1.0 Translocations
 - Level 1.1 Fire Magic
 - Level 1.0 Air Magic
 - Level 1.0 Poison Magic


You had 2 spell levels left.
You knew the following spells:

 Your Spells              Type           Power        Failure   Level  Hunger
a - Magic Dart            Conj           ####         1%          1    None
b - Blink                 Tloc           N/A          12%         2    ##.....
c - Mephitic Cloud        Conj/Pois/Air  ##......     13%         3    ###....
d - Conjure Flame         Conj/Fire      ###.....     10%         3    ###....


Dungeon Overview and Level Annotations

Branches:
Dungeon (3/15)

Altars:
Ashenzari


Innate Abilities, Weirdness & Mutations

You have large cloven feet.
You are partially covered in molten scales. (AC +2)
You are immune to rotting.


Message History

Aim: Natasha (moderately wounded)
The magic dart hits Natasha.
Natasha is severely wounded.
Natasha howls an incantation.
Natasha's front paws start to glow.
Casting: Magic Dart
Confirm with . or Enter, or press ? or * to list all spells.
Aiming: Magic Dart
Press: ? - help, Shift-Dir - straight line, f/p - Natasha
Aim: Natasha (severely wounded)
The magic dart hits Natasha.
You kill Natasha!
Natasha screams in pain as she dies!
The iron imp disappears in a puff of smoke!
You have reached level 6!
Your experience leads to an increase in your attributes!
Increase (S)trength, (I)ntelligence, or (D)exterity?
You feel clever.
Your demonic ancestry asserts itself...
Molten scales grow over part of your body.
Are you sure you want to abandon this character and quit the game? (Confirm with "yes".)

#.......#.#.#.#.#.#.#..##.#
#.......#.#.#.#.#.#.#..#)#
#.......#.#.#...#.#.#...#...o
#.......#.#.......#.#..#.....
#.......#...........#..######
#.................ยง....# ..
##................(.....#.#
#[........................#
#............@.........#.##
#.....################.#...
#.....<.....# #.####..
#...........# #.# ..
#...........# #.# .
#........)..# #.#
#...........# #..
#...........# ###
#####.......#


There were no monsters in sight!

Vanquished Creatures
  A howler monkey (D:3)
  Jessica (D:3)
  Natasha (twice) (D:3)
  5 gnolls
  2 adders
  2 worms (D:2)
  A dart slug (D:1)
  A leopard gecko (D:2)
  4 orcs (D:3)
  6 bats
  5 giant cockroaches
  10 goblins
  9 hobgoblins
  7 jackals
  4 kobolds
  2 quokkas
  8 frilled lizards
  10 rats
80 creatures vanquished.

Notes
Turn   | Place    | Note
-------+----------+-------------------------------------------
     0 | D:1      | Kaname the Demonspawn Wizard began the quest for the Orb.
     0 | D:1      | Reached XP level 1. HP: 13/13 MP: 4/4
     0 | D:1      | Noticed an octopode
     2 | D:1      | Noticed an elf
     2 | D:1      | Noticed a centaur
     4 | D:1      | Noticed an octopode
     8 | D:1      | Noticed an octopode
    10 | D:1      | Noticed a vampire
    12 | D:1      | Noticed a minotaur
    12 | D:1      | Noticed a vine stalker
    14 | D:1      | Noticed a vine stalker
    14 | D:1      | Noticed a naga
    14 | D:1      | Noticed a draconian
    16 | D:1      | Noticed an elf
    16 | D:1      | Noticed a minotaur
    18 | D:1      | Noticed an elf
    36 | D:1      | Noticed an elf
   264 | D:1      | Reached skill level 2 in Conjurations
   493 | D:1      | Gained mutation: You are immune to rotting. [demonic ancestry]
   493 | D:1      | Reached XP level 2. HP: 19/19 MP: 3/6
   497 | D:1      | Learned a level 2 spell: Blink
   884 | D:1      | Reached skill level 3 in Conjurations
   966 | D:1      | Reached XP level 3. HP: 23/24 MP: 2/7
   984 | D:1      | Reached skill level 1 in Translocations
  1032 | D:1      | Learned a level 3 spell: Mephitic Cloud
  1750 | D:2      | Reached skill level 1 in Air Magic
  2167 | D:2      | Reached skill level 1 in Poison Magic
  2320 | D:2      | Reached XP level 4. HP: 26/30 MP: 3/8
  2325 | D:2      | Learned a level 3 spell: Conjure Flame
  2753 | D:2      | Reached skill level 4 in Conjurations
  2926 | D:2      | Found a shattered altar of Ashenzari.
  2976 | D:3      | Noticed Jessica
  2979 | D:3      | Killed Jessica
  2979 | D:3      | Gained mutation: You have large cloven feet. [demonic ancestry]
  2979 | D:3      | Reached XP level 5. HP: 25/35 MP: 7/9
  2997 | D:3      | Reached skill level 5 in Conjurations
  3097 | D:3      | Noticed Natasha
  3105 | D:3      | Killed Natasha
  3105 | D:3      | Reached skill level 1 in Fire Magic
  3370 | D:3      | Noticed Natasha
  3375 | D:3      | Killed Natasha
  3375 | D:3      | Gained mutation: You are partially covered in molten scales. (AC +2) [demonic ancestry]
  3375 | D:3      | Reached XP level 6. HP: 19/41 MP: 4/10
  3376 | D:3      | Quit the game

Vault maps used:
D:1:      shiori_arrival_whats_in_store_for_you
D:2:      lemuel_doored_altar
D:3:      wad_pebble_path, lemuel_coloured_pillars_altar, first_bread,
          minmay_misc_feat_more_columns, uniq_jessica, uniq_natasha,
          uniq_sigmund, uniq_ijyb

Skill      XL: |  1  2  3  4  5 |
---------------+----------------+-----
Conjurations   | 2 3 4 5 |  5.4
Translocations | 1 |  1.0
Air Magic      | 1 |  1.0
Poison Magic   | 1 |  1.0
Fire Magic     | 1 |  1.1
Dodging        | |  1.7
Stealth        | |  1.7
Spellcasting   | |  3.0
Summonings     | |  1.0

Action                   |  1- 3 |  4- 6 || total
-------------------------+-------+-------++-------
Melee: Unarmed           |    74 |       ||    74
       Halberd           |       |    52 ||    52
       Short sword       |       |     2 ||     2
       Trident           |       |    32 ||    32
       Kick              |       |     6 ||     6
 Cast: Magic Dart        |    99 |    80 ||   179
  Eat: Chunk             |     4 |     4 ||     8
Armor: Robe              |    38 |    33 ||    71
Dodge: Dodged            |    82 |    87 ||   169

Table legend:
 A = Spawn XP
 B = Non-spawn XP
 C = Spawn XP percentage of total XP
 D = Spawn monster count
 E = Non-spawn monster count
 F = Spawn count percentage of total count
 G = Total turns spent on level
                    A         B        C        D         E        F      G
               +---------+---------+-------+---------+---------+-------+---------
         Total |       0 |     382 |   0.0 |       0 |      80 |   0.0 |  3376
               +---------+---------+-------+---------+---------+-------+---------
           D:1 |       0 |      65 |   0.0 |       0 |      30 |   0.0 |  2195
           D:2 |       0 |     119 |   0.0 |       0 |      31 |   0.0 |   853
           D:3 |       0 |     198 |   0.0 |       0 |      19 |   0.0 |   328
               +---------+---------+-------+---------+---------+-------+---------
